 Dungeon Crawl Stone Soup version 0.22.1-1-ga44c0e5 (webtiles) character file.

319 dvd the Skirmisher (level 6, 0/39 HPs)
             Began as a Gargoyle Monk on Oct 17, 2018.
             Was a Believer of Cheibriados.
             Slain by a scorpion (4 damage)
             ... on level 3 of the Dungeon.
             The game lasted 00:08:43 (3192 turns).

dvd the Skirmisher (Gargoyle Monk)                  Turns: 3192, Time: 00:08:44

Health: 0/39       AC: 14    Str: 21    XL:     6   Next: 46%
Magic:  15/15      EV: 12    Int: 15    God:    Cheibriados [**....]
Gold:   289        SH:  4    Dex: 17    Spells: 5/5 levels left

rFire    . . .     SeeInvis .   y - +0 war axe
rCold    + . .     Gourm    .   s - +0 buckler
rNeg     + . .     Faith    .   r - +2 ring mail {rC+}
rPois    ∞         Spirit   .   v - +1 hat
rElec    +         Reflect  .   e - +0 cloak
rCorr    .         Harm     .   (no gloves)
MR       .....                  (no boots)
Stlth    ++........             l - amulet of regeneration
HPRegen  0.53/turn              p - ring "Wofeq" {MP+9 Str+2}
MPRegen  0.14/turn              q - ring of flight

@: very slow
A: negative energy resistance 1, electricity resistance, unbreathing,
petrification resistance, rot immunity, AC +4
a: Bend Time, Renounce Religion, Evoke Flight


You were on level 3 of the Dungeon.
You worshipped Cheibriados.
Cheibriados was pleased with you.
You were not hungry.

You visited 1 branch of the dungeon, and saw 4 of its levels.

You collected 289 gold pieces.

Inventory:

Hand Weapons
 a - a +0 hand axe
 b - a +3 quarterstaff of chaos
 d - a +0 mace
 h - a +1 dagger of venom
 y - a +0 war axe (weapon)
Armour
 e - a +0 cloak (worn)
 r - a +2 ring mail of cold resistance (worn)
 s - a +0 buckler (worn)
 v - a +1 hat (worn)
Jewellery
 l - an amulet of regeneration (around neck)
 p - the ring "Wofeq" (left hand) {MP+9 Str+2}
   (You found it on level 4 of the Dungeon)

   [ring of magical power]

   It affects your strength (+2).
   It affects your magic capacity (+9).
 q - a ring of flight (right hand)
Wands
 f - a wand of acid (13)
Scrolls
 i - 3 scrolls of amnesia {unknown}
 j - 3 scrolls of remove curse {unknown}
 m - 3 scrolls of teleportation {unknown}
 n - 2 scrolls of identify {unknown}
 o - 2 scrolls of fear {unknown}
Potions
 g - a potion of might {unknown}
 k - a potion of brilliance {unknown}
 t - a potion of magic {unknown}
 u - 2 potions of invisibility {unknown}
 x - a potion of curing {unknown}
Comestibles
 c - 4 rations
 w - 3 chunks of flesh


   Skills:
 + Level 4.4 Fighting
 + Level 4.3 Axes
 + Level 2.9 Armour
 + Level 3.4 Dodging
 + Level 2.6 Stealth
 + Level 0.1 Shields


You had 5 spell levels left.
You didn't know any spells.
Your spell library contained the following spells:

 Spells                   Type           Power        Failure   Level  Hunger
 Confusing Touch          Hex            #.....       58%         1    ##.....
 Confuse                  Hex            #.......     91%         3    ####...
 Gell's Gravitas          Tloc           #.........   91%         3    ####...
 Petrify                  Tmut/Erth      #.......     100%        4    #####..
 Metabolic Englaciation   Hex/Ice        #.........   100%        5    ######.
 Yara's Violent Unravell  Hex/Tmut       #.........   100%        5    ######.


Dungeon Overview and Level Annotations

Branches:
Dungeon (4/15)             Temple (0/1) D:4

Altars:
Ashenzari
Cheibriados
Gozag
Nemelex Xobeh
Uskayaw

Annotations:
D:4 Edmund, Grinder


Innate Abilities, Weirdness & Mutations

You are resistant to torment.
Your stone body is resilient. (AC +4)
You are immune to poison.
You resist negative energy. (rN+)
You are resistant to electric shocks. (rElec)
You can survive without breathing.
You are immune to petrification.
You are immune to rotting.


Message History

The worker ant closely misses you. The scorpion closely misses you.
You barely miss the scorpion.
The scorpion is moderately wounded.
You block the scorpion's attack.
You hit the scorpion.
The scorpion is heavily wounded.
The scorpion stings you but does no damage.
The scorpion completely misses you.
Your shield prevents you from hitting the scorpion.
The scorpion is heavily wounded.
The scorpion misses you.
You closely miss the scorpion.
The scorpion is heavily wounded.
The scorpion stings you.
* * * LOW HITPOINT WARNING * * *
You closely miss the scorpion.
The scorpion is heavily wounded.
The scorpion stings you.
You die...

...........#.#############....#
#...#####......## ####._..#
..........#.....## #.......#
##..#####........# #.####.##
##.# #.......## #.# #.#### #.#
#.......# #.# #.#... ##.##
#.#####.# ####.####.#...
##...####.# #.####.##..........
)[........# #.@sa).....###.#...
##...###### ####[)......##.#...
##.## ##.............. ###.#
##.###..###.... ....#
#.###..###.#.# #####
#.##.......#.# #.##...#####.#
#.##.#........ #.##.#........


You could see a scorpion and a worker ant.

Vanquished Creatures
  An orc priest (D:3)
  2 orc wizards (D:3)
  Crazy Yiuf (D:2)
  Terence (D:3)
  4 gnolls (D:2)
  4 adders
  3 worms
  3 dart slugs
  A leopard gecko (D:1)
  11 orcs (D:3)
  2 ball pythons
  3 giant cockroaches
  3 goblins
  7 hobgoblins
  12 jackals
  8 bats
  3 frilled lizards
  6 kobolds
  7 rats
82 creatures vanquished.

Notes
Turn   | Place    | Note
-------+----------+-------------------------------------------
     0 | D:1      | dvd the Gargoyle Monk began the quest for the Orb.
     0 | D:1      | Reached XP level 1. HP: 14/14 MP: 1/1
   203 | D:1      | Reached XP level 2. HP: 17/19 MP: 2/2
   596 | D:1      | Reached XP level 3. HP: 24/24 MP: 3/3
  1040 | D:2      | Found an opulent altar of Gozag.
  1122 | D:2      | Reached XP level 4. HP: 29/29 MP: 4/4
  1132 | D:2      | Reached skill level 1 in Armour
  1318 | D:2      | You fall through a shaft for 2 floors!
  1318 | D:4      | Noticed Edmund
  1318 | D:4      | Noticed Grinder
  1327 | D:4      | Got a sparkling brass ring
  1394 | D:4      | Found a staircase to the Ecumenical Temple.
  1475 | D:3      | Reached XP level 5. HP: 33/33 MP: 5/5
  1490 | D:3      | Identified the ring "Wofeq" {MP+9 Str+2} (You found it on
                  | level 4 of the Dungeon)
  1704 | D:3      | Noticed Terence
  1743 | D:3      | Killed Terence
  1892 | D:2      | Found a runed door.
  1896 | D:2      | Noticed Crazy Yiuf
  2021 | D:2      | Killed Crazy Yiuf
  2453 | D:2      | Reached XP level 6. HP: 38/38 MP: 6/6
  2756 | D:3      | Found a snail-covered altar of Cheibriados.
  2771 | D:3      | Became a worshipper of Cheibriados the Contemplative
  2771 | D:3      | Reached * piety under Cheibriados
  2771 | D:3      | Reached ** piety under Cheibriados
  2889 | D:3      | Found a hide-covered altar of Uskayaw.
  2891 | D:3      | Found a sparkling altar of Nemelex Xobeh.
  2959 | D:3      | Found a shattered altar of Ashenzari.
  3174 | D:4      | Paralysed by Grinder for 4 turns
  3192 | D:3      | Slain by a scorpion

Skill      XL: |  1  2  3  4  5 |
---------------+----------------+-----
Axes           | 3 4 |  4.3
Armour         | 1 2 |  2.9
Fighting       | 4 |  4.4
Dodging        | 3 |  3.4
Stealth        | |  2.6
Shields        | |  0.1

Action                   |  1- 3 |  4- 6 || total
-------------------------+-------+-------++-------
Melee: Hand axe          |   152 |   246 ||   398
       War axe           |       |    11 ||    11
 Stab: Sleeping          |     1 |       ||     1
  Eat: Chunk             |     1 |     6 ||     7
Armor: Ring mail         |    71 |   144 ||   215
Dodge: Dodged            |   110 |   156 ||   266
Block: Buckler           |       |    16 ||    16
